 Dungeon Crawl Stone Soup version 0.24.0-13-gcf9b319 (webtiles) character file.

Game seed: 17957498864694394597, levelgen mode: deterministic

303 Fang the Shield-Bearer (level 6, -3/39 HPs)
             Began as a Gargoyle Fighter on Jan 2, 2020.
             Killed by divine providence
             ... invoked by an orc priest
              (13 damage)
             ... on level 3 of the Dungeon.
             The game lasted 00:03:44 (1928 turns).

Fang the Shield-Bearer (Gargoyle Fighter)           Turns: 1928, Time: 00:03:45

Health: -3/39      AC: 11    Str: 21    XL:     6   Next: 38%
Magic:  6/6        EV:  7    Int:  9    God:
Gold:   98         SH: 10    Dex:  9    Spells: 5/5 levels left

rFire    . . .     SeeInvis .   a - +1 war axe
rCold    . . .     Gourm    .   B - +1 shield
rNeg     + . .     Faith    .   b - +0 scale mail
rPois    ∞         Spirit   .   (no helmet)
rElec    +         Reflect  .   (no cloak)
rCorr    .         Harm     .   (no gloves)
MR       .....                  (no boots)
Stlth    ..........             (no amulet)
HPRegen  0.13/turn              (no ring)
MPRegen  0.10/turn              (no ring)

@: no status effects
A: negative energy resistance 1, electricity resistance, unbreathing,
petrification resistance, rot immunity, AC +4
a: no special abilities


You were on level 3 of the Dungeon.
You were not hungry.

You visited 1 branch of the dungeon, and saw 3 of its levels.

You collected 98 gold pieces.

Inventory:

Hand Weapons
 a - a +1 war axe (weapon)
Armour
 b - a +0 scale mail (worn)
 B - a +1 shield (worn)
Wands
 i - a wand of random effects (19)
Scrolls
 n - a scroll of remove curse
 p - 2 scrolls of fear
Potions
 d - a potion of might
 e - a potion of haste {unknown}
 h - a potion of mutation
 l - a potion of ambrosia
 m - a potion of curing
 o - a potion of heal wounds
 r - a potion of agility {unknown}
Comestibles
 c - 4 rations
 f - 7 chunks of flesh


   Skills:
 + Level 4.7 Fighting
 + Level 3.2 Axes
 + Level 4.7 Armour
 + Level 4.7 Shields


You had 5 spell levels left.
You didn't know any spells.
Your spell library was empty.

Dungeon Overview and Level Annotations

Branches:
Dungeon (3/15)

Altars:


Innate Abilities, Weirdness & Mutations

You are resistant to torment.
Your stone body is resilient. (AC +4)
You are immune to poison.
You resist negative energy. (rN+)
You are resistant to electric shocks. (rElec)
You can survive without breathing.
You are immune to petrification.
You are immune to rotting.


Message History

You are too injured to fight recklessly!
You are too injured to fight recklessly!
You are too injured to fight recklessly!
You are too injured to fight recklessly!
You are too injured to fight recklessly!
You are too injured to fight recklessly!
You are too injured to fight recklessly!
You are too injured to fight recklessly!
You are too injured to fight recklessly!
You are too injured to fight recklessly!
Okay, then.
You block the rat's attack.
A giant cockroach comes into view.
You hit the giant cockroach.
You kill the giant cockroach!
You closely miss the rat. The rat bites you but does no damage.
The orc priest casts a cantrip, but nothing happens.
The orc priest mumbles some strange prayers to Beogh against you.
Beogh smites you!
You die...

...#.#.#
#.#.#.#........#.#######
.... ..#
#.#.#.#..<#..#.#.# #. .
...#.......#....#.######)
..>...................÷.(
..........................
...............#.#.....##.
#####.#.######.#.#####.##.
###.#.########.....#.##.
.......@r.gSo.###+##.###
####..#######o.......# #
..... #........+.. .###
#o.......### #S####'## #.#
# #o# ..# ..#


You could see an orc priest, an adder, an orc, a hobgoblin and a rat.

Vanquished Creatures
  2 scorpions (D:1)
  Jessica (D:2)
  A hound skeleton (D:2)
  8 adders
  2 oozes
  3 worms
  A dart slug (D:1)
  2 leopard geckos (D:2)
  6 orcs (D:3)
  A ball python (D:2)
  A giant cockroach (D:3)
  8 goblins
  10 hobgoblins
  6 jackals
  6 kobolds
  2 quokkas (D:2)
  8 bats
  4 frilled lizards
  2 rats
74 creatures vanquished.

Notes
Turn   | Place    | Note
-------+----------+-------------------------------------------
     0 | D:1      | Fang the Gargoyle Fighter began the quest for the Orb.
     0 | D:1      | Reached XP level 1. HP: 14/14 MP: 1/1
   125 | D:1      | Reached XP level 2. HP: 12/19 MP: 2/2
   580 | D:2      | Reached XP level 3. HP: 12/23 MP: 3/3
   879 | D:2      | Reached XP level 4. HP: 25/29 MP: 4/4
  1123 | D:2      | Noticed Jessica
  1129 | D:2      | Killed Jessica
  1129 | D:2      | Reached XP level 5. HP: 26/33 MP: 5/5
  1507 | D:1      | Reached XP level 6. HP: 22/39 MP: 6/6
  1928 | D:3      | Killed from afar by an orc priest

Levels and vault maps discovered:
D:1:      grunt_arrival_lava_bath, layout_basic
D:2:      layout_rooms, minmay_misc_feat_encased, minmay_divided_ellipse,
          uniq_jessica
D:3:      layout_basic, serial_park_tiny_2, kennysheep_generic_room_6

Skill      XL: |  1  2  3  4  5 |
---------------+----------------+-----
Axes           | 2 3 |  3.2
Shields        | 4 |  4.7
Armour         | 4 |  4.7
Fighting       | 4 |  4.7

Action                   |  1- 3 |  4- 6 || total
-------------------------+-------+-------++-------
Melee: War axe           |    99 |   162 ||   261
  Use: Potion            |       |     1 ||     1
       Scroll            |       |    10 ||    10
  Eat: Chunk             |       |     4 ||     4
Armor: Scale mail        |    90 |    87 ||   177
Dodge: Dodged            |    54 |    49 ||   103
Block: Shield            |   107 |    80 ||   187
